 Dungeon Crawl Stone Soup version 0.23.2-40-g277498a001 (webtiles) character file.

Game seed: 15532455795584003574

36 Descartes the Insei (level 3, -2/17 HPs)
             Began as a Vine Stalker Transmuter on Oct 14, 2019.
             Slain by a leopard gecko (4 damage)
             ... on level 2 of the Dungeon.
             The game lasted 00:03:19 (1962 turns).

Descartes the Insei (Vine Stalker Transmuter)       Turns: 1962, Time: 00:03:19

Health: -2/17      AC:  3    Str: 13    XL:     3   Next: 37%
Magic:  0/7        EV: 12    Int: 13    God:
Gold:   116        SH:  0    Dex: 14    Spells: 3/6 levels left

rFire    . . .     SeeInvis .     - Unarmed
rCold    . . .     Gourm    .   (no shield)
rNeg     . . .     Faith    .   o - +0 leather armour (curse)
rPois    .         Spirit   +   (no helmet)
rElec    .         Reflect  .   (no cloak)
rCorr    .         Harm     .   (no gloves)
MR       .....                  (no boots)
Stlth    +.........             (no amulet)
HPRegen  0.05/turn              h - ring of flight
MPRegen  0.10/turn              (no ring)

@: no status effects
A: fangs 2, magic shield, antimagic bite, no potion heal 3, rot immunity
a: Evoke Flight


You were on level 2 of the Dungeon.
You were not hungry.

You visited 1 branch of the dungeon, and saw 2 of its levels.

You collected 116 gold pieces.

Inventory:

Missiles
 a - 12 arrows
 g - 56 stones (quivered)
 n - 15 bolts
Armour
 b - a +0 robe
 o - a cursed +0 leather armour (worn)
Jewellery
 h - a ring of flight (left hand)
Scrolls
 e - a scroll of remove curse {unknown}
 j - a scroll of identify {unknown}
 k - a scroll of teleportation {unknown}
 l - a scroll of amnesia {unknown}
Potions
 c - 2 potions of heal wounds {unknown}
 f - a potion of magic {unknown}
 i - a potion of berserk rage {unknown}
 m - a potion of degeneration {unknown}
Comestibles
 d - 3 rations


   Skills:
 - Level 0.8 Fighting
 - Level 1.5 Dodging
 + Level 3.4 Unarmed Combat
 - Level 2.1 Spellcasting
 + Level 3.2 Transmutations


You had 3 spell levels left.
You knew the following spells:

 Your Spells              Type           Power        Failure   Level  Hunger
a - Beastly Appendage     Tmut           #.....       9%          1    ##.....
b - Sticks to Snakes      Tmut           #.......     13%         2    ###....

Your spell library contained the following spells:

 Spells                   Type           Power        Failure   Level  Hunger
 Spider Form              Tmut/Pois      #.........   43%         3    ####...
 Ice Form                 Ice/Tmut       #.......     85%         4    #####..
 Blade Hands              Tmut           #.........   93%         5    ######.


Dungeon Overview and Level Annotations

Branches:
Dungeon (2/15)

Altars:


Innate Abilities, Weirdness & Mutations

You have extremely sharp teeth.
When hurt, damage is shared between your health and your magic reserves.
Your bite disrupts and absorbs the magic of your enemies.
Potions cannot restore your health.
You are immune to rotting.


Message History

* * * LOW HITPOINT WARNING * * *
The jackal misses you.
You hit the jackal but do no damage.
The jackal is almost dead.
The leopard gecko closely misses you.
The jackal bites you but does no damage.
You hit the jackal.
You kill the jackal!
The leopard gecko closely misses you. The leopard gecko closely misses you.
The leopard gecko bites you. The leopard gecko misses you.
The leopard gecko completely misses you.
The leopard gecko closely misses you.
Found a stone staircase leading down.
The leopard gecko bites you but does no damage.
The leopard gecko bites you.
* * * LOW HITPOINT WARNING * * *
The leopard gecko misses you. The leopard gecko bites you.
You die...

.# .≈.≈.≈.§§§.≈..## .
..≈§..≈§..≈..##
#..≈.§.§.≈..## . ...
#..≈§§§≈..######### ...
#...§§..##........ .>..
###'''####........ .....
#.....####........
#....##........#........
#..........###@#........
##............l.........
##..##..#####.#..).....
## #..# #.#........
##..# ###.#........
#...# #............
##.####.##########.
#......######
#...........####


You could see a leopard gecko.

Vanquished Creatures
  An adder (D:2)
  A worm (D:2)
  A ball python (D:2)
  A giant cockroach (D:1)
  2 goblins (D:1)
  2 hobgoblins (D:1)
  3 jackals (D:2)
  5 kobolds
  2 bats (D:2)
  2 frilled lizards
  2 rats
22 creatures vanquished.

Notes
Turn   | Place    | Note
-------+----------+-------------------------------------------
     0 | D:1      | Descartes the Vine Stalker Transmuter began the quest for
                  | the Orb.
     0 | D:1      | Reached XP level 1. HP: 9/9 MP: 4/4
   366 | D:1      | Reached XP level 2. HP: 14/14 MP: 6/6
   483 | D:1      | Learned a level 2 spell: Sticks to Snakes
  1599 | D:2      | Reached XP level 3. HP: 9/17 MP: 7/7
  1962 | D:2      | Slain by a leopard gecko

Skill      XL: |  1  2 |
---------------+-------+-----
Transmutations | 3 |  3.2
Fighting       | |  0.8
Dodging        | |  1.5
Unarmed Combat | |  3.4
Spellcasting   | |  2.1

Action                   || total
-------------------------++-------
Melee: Unarmed           ||   104
       Bite              ||    21
       Punch             ||     5
 Stab: Sleeping          ||     2
  Eat: Chunk             ||     3
Armor: Robe              ||     9
       Leather armour    ||    13
Dodge: Dodged            ||    75
